[ AOE2 MATCH · #508069691 ]
UnrankedBritons vs Goths
Player's team · WIN
Rival team · LOSS
[ REPLAY ANALYSIS · EXTRACTED FROM THE RECORDED GAME ]
Feudal
8:51
Castle
—
Imperial
—
| APM avg | 70.6 |
| APM peak | 97 |
| eAPM avg | 29.0 |
| Villagers / military | 40 / 19 |
Focus
⚔️ 30.4% · 🌾 69.6%
Archer ×12 · Spearman ×4 · Militia ×3
Feudal
9:00
Castle
—
Imperial
—
| APM avg | 61.8 |
| APM peak | 88 |
| eAPM avg | 22.2 |
| Villagers / military | 39 / 18 |
Focus
⚔️ 44.9% · 🌾 55.1%
Scout Cavalry ×9 · Skirmisher ×6 · Spearman ×3
Match map
Initial resources + every placement click. Lines = walls · curves = elevation contours. ◆ gold · ⬟ stone · ● berries · ✦ relic · ◌ wall gap
Your base· Open — unwalled flank
yinyangwar's base· Open — unwalled flank
Smoothed initial terrain · ◌ = detected wall gap · hover for details
Inputs per minute
— FofocaStyle - - yinyangwar
Build order — FofocaStyle
120 actions detected in the replay
| 0:01 | Queue | Villager (Male) |
| 0:01 | Queue | Villager (Male) |
| 0:02 | Build | House |
| 0:04 | Build | House |
| 0:09 | Queue | Villager (Male) |
| 0:22 | Queue | Villager (Male) |
| 1:20 | Queue | Villager (Male) |
| 1:21 | Queue | Villager (Male) |
| 1:47 | Queue | Villager (Male) |
| 1:47 | Queue | Villager (Male) |
| 2:00 | Queue | Villager (Male) |
| 2:10 | Build | Lumber Camp |
| 2:28 | Queue | Villager (Male) |
| 2:48 | Queue | Villager (Male) |
| 3:19 | Queue | Villager (Male) |
| 3:19 | Queue | Villager (Male) |
| 3:25 | Queue | Villager (Male) |
| 3:25 | Queue | Villager (Male) |
| 3:48 | Build | House |
| 4:24 | Queue | Villager (Male) |
| 4:27 | Queue | Villager (Male) |
| 4:27 | Queue | Villager (Male) |
| 5:11 | Build | Palisade Wall |
| 5:12 | Build | Palisade Wall |
| 5:38 | Build | Barracks |
| 5:45 | Queue | Villager (Male) |
| 5:59 | Research | Loom |
| 6:33 | Build | House |
| 6:35 | Research | Feudal Age |
| 6:36 | Research | Feudal Age |
| 6:52 | Queue | Militia |
| 6:52 | Queue | Militia |
| 7:29 | Queue | Militia |
| 7:33 | Build | Mining Camp |
| 8:03 | Build | Mill |
| 8:38 | Queue | Villager (Male) |
| 8:51 | Age | Feudal Age |
| 9:14 | Research | Man-at-Arms (upgrade) |
| 9:32 | Queue | Villager (Male) |
| 9:34 | Queue | Spearman |
| 9:37 | Build | House |
| 9:45 | Queue | Villager (Male) |
| 9:48 | Build | Archery Range |
| 10:18 | Queue | Spearman |
| 10:21 | Build | Farm |
| 10:22 | Queue | Villager (Male) |
| 10:25 | Queue | Archer |
| 10:38 | Build | Palisade Wall |
| 10:39 | Build | Palisade Wall |
| 10:39 | Build | Palisade Wall |
| 10:39 | Build | Palisade Wall |
| 10:48 | Build | Farm |
| 10:49 | Build | Farm |
| 10:49 | Build | Farm |
| 10:52 | Build | House |
| 11:03 | Queue | Villager (Male) |
| 11:09 | Queue | Archer |
| 11:21 | Build | Palisade Wall |
| 11:22 | Build | Palisade Wall |
| 11:29 | Queue | Villager (Male) |
| 11:31 | Build | Palisade Wall |
| 11:31 | Build | Palisade Wall |
| 11:32 | Build | Palisade Wall |
| 11:33 | Build | Palisade Wall |
| 11:42 | Build | House |
| 11:43 | Build | Palisade Wall |
| 11:44 | Queue | Archer |
| 11:54 | Queue | Villager (Male) |
| 12:08 | Queue | Villager (Male) |
| 12:20 | Queue | Archer |
| 12:27 | Queue | Villager (Male) |
| 12:30 | Build | Palisade Wall |
| 12:31 | Build | Palisade Wall |
| 12:32 | Build | Palisade Wall |
| 12:35 | Queue | Villager (Male) |
| 12:38 | Build | Farm |
| 12:41 | Build | House |
| 12:49 | Queue | Archer |
| 13:04 | Queue | Villager (Male) |
| 13:08 | Research | Double-Bit Axe |
| 13:15 | Build | House |
| 13:16 | Build | House |
| 13:17 | Build | Palisade Wall |
| 13:20 | Queue | Villager (Male) |
| 13:20 | Queue | Archer |
| 13:24 | Queue | Spearman |
| 13:42 | Queue | Spearman |
| 13:45 | Build | Palisade Wall |
| 13:46 | Build | Palisade Wall |
| 13:48 | Build | House |
| 13:57 | Build | Palisade Wall |
| 13:58 | Build | Palisade Wall |
| 14:18 | Queue | Villager (Male) |
| 14:25 | Queue | Archer |
| 14:26 | Queue | Villager (Male) |
| 14:40 | Build | Blacksmith |
| 14:44 | Build | Palisade Wall |
| 14:50 | Queue | Villager (Male) |
| 14:51 | Queue | Archer |
| 14:56 | Build | Farm |
| 15:05 | Build | Palisade Gate |
| 15:14 | Queue | Archer |
| 15:17 | Queue | Villager (Male) |
| 15:34 | Research | Fletching |
| 15:44 | Build | Farm |
| 15:45 | Build | Farm |
| 15:46 | Build | Farm |
| 15:50 | Build | Palisade Gate |
| 15:51 | Build | House |
| 16:03 | Queue | Villager (Male) |
| 16:10 | Build | Palisade Wall |
| 16:11 | Build | House |
| 16:15 | Build | Palisade Wall |
| 16:23 | Queue | Archer |
| 16:23 | Queue | Archer |
| 16:34 | Queue | Villager (Male) |
| 16:49 | Queue | Villager (Male) |
| 17:47 | Queue | Villager (Male) |
| 17:47 | Queue | Villager (Male) |
| 17:48 | Queue | Archer |
Build order — yinyangwar
112 actions detected in the replay
| 0:00 | Queue | Villager (Male) |
| 0:01 | Build | House |
| 0:02 | Build | House |
| 0:02 | Queue | Villager (Male) |
| 0:08 | Queue | Villager (Male) |
| 0:09 | Queue | Villager (Male) |
| 1:27 | Queue | Villager (Male) |
| 1:27 | Queue | Villager (Male) |
| 2:01 | Queue | Villager (Male) |
| 2:11 | Build | Lumber Camp |
| 2:14 | Queue | Villager (Male) |
| 2:46 | Queue | Villager (Male) |
| 3:00 | Queue | Villager (Male) |
| 3:33 | Queue | Villager (Male) |
| 3:55 | Build | House |
| 3:59 | Queue | Villager (Male) |
| 4:00 | Queue | Villager (Male) |
| 4:34 | Queue | Villager (Male) |
| 4:35 | Queue | Villager (Male) |
| 4:43 | Build | Mill |
| 5:47 | Queue | Villager (Male) |
| 5:47 | Queue | Villager (Male) |
| 6:10 | Research | Loom |
| 6:24 | Queue | Villager (Male) |
| 6:50 | Research | Feudal Age |
| 7:40 | Build | Palisade Wall |
| 7:41 | Build | Palisade Wall |
| 7:42 | Build | Palisade Wall |
| 7:42 | Build | Palisade Wall |
| 7:45 | Build | Palisade Wall |
| 7:48 | Build | Palisade Wall |
| 7:48 | Build | Palisade Wall |
| 7:50 | Build | Palisade Wall |
| 7:51 | Queue | Villager (Male) |
| 7:54 | Build | Palisade Wall |
| 7:55 | Build | Palisade Wall |
| 7:56 | Build | Palisade Wall |
| 7:58 | Build | Palisade Wall |
| 7:59 | Build | Palisade Wall |
| 8:00 | Build | Palisade Wall |
| 8:00 | Queue | Villager (Male) |
| 8:03 | Build | House |
| 8:28 | Build | Barracks |
| 8:37 | Queue | Villager (Male) |
| 9:00 | Age | Feudal Age |
| 9:26 | Build | Stable |
| 9:31 | Queue | Villager (Male) |
| 9:38 | Queue | Spearman |
| 9:49 | Build | House |
| 10:00 | Queue | Scout Cavalry |
| 10:01 | Queue | Scout Cavalry |
| 10:08 | Queue | Scout Cavalry |
| 10:11 | Build | Farm |
| 10:21 | Queue | Scout Cavalry |
| 10:24 | Queue | Villager (Male) |
| 10:35 | Build | House |
| 10:48 | Build | Farm |
| 10:50 | Build | Farm |
| 10:53 | Queue | Scout Cavalry |
| 10:55 | Build | Farm |
| 10:55 | Queue | Villager (Male) |
| 11:17 | Queue | Villager (Male) |
| 11:26 | Queue | Villager (Male) |
| 11:29 | Queue | Spearman |
| 11:35 | Build | Farm |
| 11:42 | Queue | Spearman |
| 11:50 | Build | House |
| 11:56 | Build | House |
| 12:07 | Queue | Scout Cavalry |
| 12:20 | Queue | Villager (Male) |
| 12:24 | Build | Farm |
| 12:25 | Build | Farm |
| 12:28 | Build | House |
| 12:32 | Queue | Scout Cavalry |
| 12:47 | Build | Palisade Wall |
| 12:51 | Build | Farm |
| 12:52 | Build | Farm |
| 12:55 | Queue | Villager (Male) |
| 12:59 | Build | Farm |
| 13:22 | Queue | Villager (Male) |
| 13:36 | Queue | Villager (Male) |
| 13:40 | Queue | Villager (Male) |
| 14:12 | Build | Archery Range |
| 14:13 | Queue | Villager (Male) |
| 14:18 | Queue | Scout Cavalry |
| 14:30 | Build | Lumber Camp |
| 14:39 | Queue | Villager (Male) |
| 14:53 | Queue | Villager (Male) |
| 14:58 | Build | Palisade Wall |
| 15:00 | Build | Mining Camp |
| 15:21 | Queue | Skirmisher |
| 15:21 | Queue | Skirmisher |
| 15:39 | Build | House |
| 15:42 | Queue | Skirmisher |
| 15:42 | Queue | Skirmisher |
| 15:50 | Queue | Villager (Male) |
| 15:55 | Research | Double-Bit Axe |
| 15:57 | Queue | Villager (Male) |
| 16:08 | Build | House |
| 16:11 | Queue | Skirmisher |
| 16:18 | Queue | Scout Cavalry |
| 16:19 | Queue | Villager (Male) |
| 16:26 | Build | Palisade Wall |
| 16:26 | Build | Palisade Wall |
| 16:29 | Build | Palisade Wall |
| 16:30 | Build | Palisade Wall |
| 16:48 | Build | Palisade Wall |
| 16:51 | Queue | Skirmisher |
| 16:51 | Queue | Villager (Male) |
| 16:54 | Build | Blacksmith |
| 16:55 | Build | Palisade Wall |
| 17:28 | Queue | Villager (Male) |
Match timeline
| 5:11 | FofocaStyle · wall_segment Palisade Wall x1 |
| 5:12 | FofocaStyle · wall_segment Palisade Wall x1 |
| 5:38 | FofocaStyle · first_building Barracks |
| 7:40 | yinyangwar · wall_segment Palisade Wall x1 |
| 7:41 | yinyangwar · wall_segment Palisade Wall x1 |
| 7:42 | yinyangwar · wall_segment Palisade Wall x1 |
| 7:42 | yinyangwar · wall_segment Palisade Wall x1 |
| 7:45 | yinyangwar · wall_segment Palisade Wall x1 |
| 7:48 | yinyangwar · wall_segment Palisade Wall x1 |
| 7:48 | yinyangwar · wall_segment Palisade Wall x1 |
| 7:50 | yinyangwar · wall_segment Palisade Wall x1 |
| 7:54 | yinyangwar · wall_segment Palisade Wall x1 |
| 7:55 | yinyangwar · wall_segment Palisade Wall x1 |
| 7:56 | yinyangwar · wall_segment Palisade Wall x1 |
| 7:58 | yinyangwar · wall_segment Palisade Wall x1 |
| 7:59 | yinyangwar · wall_segment Palisade Wall x1 |
| 8:00 | yinyangwar · wall_segment Palisade Wall x1 |
| 8:28 | yinyangwar · first_building Barracks |
| 8:51 | FofocaStyle · age_up feudal |
| 9:00 | yinyangwar · age_up feudal |
| 9:26 | yinyangwar · first_building Stable |
| 9:48 | FofocaStyle · first_building Archery Range |
| 10:38 | FofocaStyle · wall_segment Palisade Wall x1 |
| 10:39 | FofocaStyle · wall_segment Palisade Wall x1 |
| 10:39 | FofocaStyle · wall_segment Palisade Wall x1 |
| 10:39 | FofocaStyle · wall_segment Palisade Wall x1 |
| 11:21 | FofocaStyle · wall_segment Palisade Wall x1 |
| 11:22 | FofocaStyle · wall_segment Palisade Wall x1 |
| 11:31 | FofocaStyle · wall_segment Palisade Wall x1 |
| 11:31 | FofocaStyle · wall_segment Palisade Wall x1 |
| 11:32 | FofocaStyle · wall_segment Palisade Wall x1 |
| 11:33 | FofocaStyle · wall_segment Palisade Wall x1 |
| 11:43 | FofocaStyle · wall_segment Palisade Wall x6 |
| 12:30 | FofocaStyle · wall_segment Palisade Wall x1 |
| 12:31 | FofocaStyle · wall_segment Palisade Wall x1 |
| 12:32 | FofocaStyle · wall_segment Palisade Wall x1 |
| 12:47 | yinyangwar · wall_segment Palisade Wall x1 |
| 13:17 | FofocaStyle · wall_segment Palisade Wall x7 |
| 13:45 | FofocaStyle · wall_segment Palisade Wall x1 |
| 13:46 | FofocaStyle · wall_segment Palisade Wall x1 |
| 13:57 | FofocaStyle · wall_segment Palisade Wall x1 |
| 13:58 | FofocaStyle · wall_segment Palisade Wall x1 |
| 14:12 | yinyangwar · first_building Archery Range |
| 14:44 | FofocaStyle · wall_segment Palisade Wall x1 |
| 14:58 | yinyangwar · wall_segment Palisade Wall x1 |
| 16:10 | FofocaStyle · wall_segment Palisade Wall x1 |
| 16:15 | FofocaStyle · wall_segment Palisade Wall x1 |
| 16:26 | yinyangwar · wall_segment Palisade Wall x1 |
| 16:26 | yinyangwar · wall_segment Palisade Wall x1 |
| 16:29 | yinyangwar · wall_segment Palisade Wall x1 |
| 16:30 | yinyangwar · wall_segment Palisade Wall x1 |
| 16:48 | yinyangwar · wall_segment Palisade Wall x1 |
| 16:55 | yinyangwar · wall_segment Palisade Wall x1 |
| 17:48 | yinyangwar · resign |
[ AI ANALYSIS · 1 CREDIT ]
What really happened in this match?
Wolo.gg analyzes every decision: build order, eco, micro, common mistakes by bracket. Personalized analysis on WhatsApp or Discord in 30 seconds.
Civ guide
Britons
Perfil
Jugador #17300339